 Dungeon Crawl Stone Soup version 0.24-a0-479-g9a978d2894 (webtiles) character file.

Game seed: 6958532675348700540

186 Mithandil the Conjurer (level 5, -2/28 HPs)
             Began as a Deep Elf Conjurer on July 6, 2019.
             Killed by divine providence
             ... invoked by an orc priest
              (15 damage)
             ... on level 3 of the Dungeon on July 8, 2019.
             The game lasted 00:17:00 (3582 turns).

Mithandil the Conjurer (Deep Elf Conjurer)          Turns: 3582, Time: 00:17:00

Health: -2/28      AC:  3    Str:  9    XL:     5   Next: 38%
Magic:  11/14      EV: 13    Int: 21    God:
Gold:   127        SH:  0    Dex: 15    Spells: 2/13 levels left

rFire    . . .     SeeInvis .   a - +0 dagger
rCold    . . .     Gourm    .   (no shield)
rNeg     . . .     Faith    .   k - +1 robe
rPois    .         Spirit   .   (no helmet)
rElec    .         Reflect  .   (no cloak)
rCorr    .         Harm     .   (no gloves)
MR       .....                  (no boots)
Stlth    ++........             (no amulet)
HPRegen  0.09/turn              l - +4 ring of strength
MPRegen  0.14/turn              (no ring)

@: no status effects
A: no striking features
a: no special abilities


You were on level 3 of the Dungeon.
You were not hungry.

You visited 1 branch of the dungeon, and saw 5 of its levels.

You collected 127 gold pieces.

Inventory:

Hand Weapons
 a - a +0 dagger (weapon)
Missiles
 b - 90 stones (quivered)
 g - 82 arrows
Armour
 k - a +1 robe (worn)
Jewellery
 l - a +4 ring of strength (left hand)
Scrolls
 m - 2 scrolls of identify
 q - 2 scrolls of remove curse
Potions
 e - a potion of ambrosia {unknown}
 h - a potion of haste {unknown}
 i - 2 potions of curing {unknown}
 j - a potion of cancellation {unknown}
 n - a potion of agility {unknown}
 o - a potion of mutation {unknown}
 p - a potion of lignification {unknown}
Comestibles
 c - 2 rations


   Skills:
 + Level 1.6 Short Blades
 + Level 3.3 Dodging
 + Level 3.3 Stealth
 * Level 4.7 Spellcasting
 * Level 5.4 Conjurations
 + Level 0.9 Translocations


You had 2 spell levels left.
You knew the following spells:

 Your Spells              Type           Power        Failure   Level  Hunger
a - Magic Dart            Conj           ####         1%          1    None
b - Searing Ray           Conj           ####..       1%          2    None
c - Force Lance           Conj/Tloc      ###.....     30%         4    ####...
d - Iskenderun's Mystic   Conj           ####....     12%         4    ####...

Your spell library contained the following spells:

 Spells                   Type           Power        Failure   Level  Hunger
 Dazzling Spray           Conj/Hex       ###...       11%         3    ##.....
 Fulminant Prism          Conj/Hex       ###.......   36%         4    ####...


Dungeon Overview and Level Annotations

Branches:
Dungeon (5/15)
 Temple: D:4-7

Altars:
Makhleb
Qazlal


Message History

Casting: Magic Dart (safe; 1% risk of failure)
Confirm with . or Enter, or press ? or * to list all spells.
Aiming: Magic Dart (safe; 1% risk of failure)
Press: ? - help, Shift-Dir - straight line, f/p - orc priest
Aim: an orc priest, wielding a +0 club (moderately wounded)
The magic dart hits the orc priest.
The orc priest is heavily wounded.
The orc priest hits you but does no damage.
The orc hits you but does no damage.
Casting: Magic Dart (safe; 1% risk of failure)
Confirm with . or Enter, or press ? or * to list all spells.
Aiming: Magic Dart (safe; 1% risk of failure)
Press: ? - help, Shift-Dir - straight line, f/p - orc priest
Aim: an orc priest, wielding a +0 club (heavily wounded)
The magic dart hits the orc priest but does no damage.
The orc priest is heavily wounded.
The orc priest invokes the aid of Beogh against you.
Beogh smites you!
Ouch! That really hurt!
You die...

. # #.#
#.#.# #.#.#
#.#.# #...#
##..#
###..##
####..o..#
#))'..o@.#
#(##.....#
#.##.....#
#o##.....#
oo.#.....#
o...#######
.....#
......#
.......#


You could see an orc priest and an orc.

Vanquished Creatures
  An orc wizard (D:2)
  An orc priest (D:2)
  Natasha (D:1)
  An adder (D:2)
  2 oozes (D:1)
  A worm (D:2)
  2 dart slugs (D:1)
  3 leopard geckos
  8 orcs
  A ball python (D:3)
  7 bats
  2 giant cockroaches
  4 goblins
  11 hobgoblins
  4 jackals
  A frilled lizard (D:2)
  9 kobolds
  6 rats
65 creatures vanquished.

Notes
Turn   | Place    | Note
-------+----------+-------------------------------------------
     0 | D:1      | Mithandil the Deep Elf Conjurer began the quest for the
                  | Orb.
     0 | D:1      | Reached XP level 1. HP: 10/10 MP: 6/6
   135 | D:1      | Reached XP level 2. HP: 10/15 MP: 4/8
   139 | D:1      | Learned a level 2 spell: Searing Ray
   595 | D:1      | Reached XP level 3. HP: 8/19 MP: 6/10
  1433 | D:2      | Reached skill level 1 in Short Blades
  1575 | D:2      | Found a stormy altar of Qazlal.
  1577 | D:2      | Noticed a fire elemental
  1578 | D:2      | Noticed a water elemental
  1578 | D:2      | Noticed an earth elemental
  1578 | D:2      | Noticed an air elemental
  1625 | D:2      | Reached skill level 5 in Conjurations
  1625 | D:2      | Reached XP level 4. HP: 24/24 MP: 3/12
  1941 | D:2      | Learned a level 4 spell: Force Lance
  1946 | D:2      | Learned a level 4 spell: Iskenderun's Mystic Blast
  2107 | D:3      | Found a burning altar of Makhleb.
  2276 | D:2      | Reached XP level 5. HP: 28/28 MP: 10/13
  2568 | D:2      | Noticed Natasha
  2582 | D:1      | Killed Natasha
  3247 | D:5      | Entered Level 5 of the Dungeon
  3247 | D:5      | Noticed a centaur
  3582 | D:3      | Killed from afar by an orc priest

Levels and vault maps discovered:
D:1:      arrival_zaba_pyramid, layout_basic, minmay_heptomino_l4
D:2:      layout_basic, nicolae_qazlal_style_of_elements, first_ration,
          uniq_natasha
D:3:      layout_basic, lemuel_crystal_altar
D:4:      layout_gridville, lemuel_crystal_altar, grunt_decor_fettered,
          uniq_eustachio
D:5:      layout_basic, nemelex_altar_shiori, cheibriados_altar_1,
          nicolae_ossuary_entry_catacombs

Skill      XL: |  1  2  3 |
---------------+----------+-----
Short Blades   | 1 |  1.6
Dodging        | 3 |  3.3
Stealth        | 3 |  3.3
Spellcasting   | 4 |  4.7
Conjurations   | 5 |  5.4
Translocations | |  0.9

Action                   |  1- 3 |  4- 6 || total
-------------------------+-------+-------++-------
Melee: Dagger            |     4 |    12 ||    16
 Cast: Magic Dart        |    71 |    82 ||   153
  Use: Scroll            |       |     4 ||     4
  Eat: Ration            |     1 |     2 ||     3
Armor: Robe              |       |     4 ||     4
Dodge: Dodged            |    12 |    32 ||    44

Table legend:
 A = Non-vault XP
 B = Vault XP
 C = Vault XP percentage of total XP
 D = Non-vault monster count
 E = Vault monster count
 F = Vault count percentage of total count
                 A         B        C        D         E       F
            +---------+---------+-------+---------+---------+-------
      Total |     228 |      38 |  14.3 |      61 |       4 |   6.2
            +---------+---------+-------+---------+---------+-------
        D:1 |      60 |      38 |  38.8 |      26 |       4 |  13.3
        D:2 |     141 |       0 |   0.0 |      24 |       0 |   0.0
        D:3 |      27 |       0 |   0.0 |      11 |       0 |   0.0
            +---------+---------+-------+---------+---------+-------
